 Dungeon Crawl Stone Soup version 0.26-a0-284-g73c0fb6129 (webtiles) character file.

Game seed: 7105972994486657166

266 BritishOli the Skirmisher (level 6, 11/48 HPs)
             Began as a Demonspawn Fighter on July 13, 2020.
             Quit the game on level 3 of the Dungeon.
             The game lasted 00:03:10 (3142 turns).

BritishOli the Skirmisher (Demonspawn Fighter)      Turns: 3142, Time: 00:03:11

Health: 11/48      AC: 10    Str: 19    XL:     6   Next: 0%
Magic:  6/6        EV:  7    Int:  9    God:
Gold:   122        SH: 13    Dex: 12    Spells: 5/5 levels left

rFire    . . .     SeeInvis .   a - +0 long sword
rCold    + . .     Faith    .   c - +0 kite shield
rNeg     . . .     Spirit   .   b - +0 scale mail
rPois    .         Reflect  .   (helmet restricted)
rElec    .         Harm     .   (no cloak)
rCorr    .                      i - +2 pair of gloves
MR       .....                  (no boots)
Stlth    ..........             (no amulet)
HPRegen  0.16/turn              (no ring)
MPRegen  0.10/turn              (no ring)

@: no status effects
A: antennae 1, large bone plates 1, cold resistance 1, demonic guardian 1
a: no special abilities


You were on level 3 of the Dungeon.
You visited 1 branch of the dungeon, and saw 3 of its levels.

You collected 122 gold pieces.

Inventory:

Hand Weapons
 a - a +0 long sword (weapon)
Armour
 b - a +0 scale mail (worn)
 c - a +0 kite shield (worn)
 i - a +2 pair of gloves (worn)
Jewellery
 g - an uncursed amulet of magic regeneration {unknown}
Scrolls
 e - 3 scrolls of teleportation {unknown}
 j - a scroll of immolation {unknown}
 k - a scroll of amnesia {unknown}
Potions
 d - 2 potions of might
 f - a potion of heal wounds
 h - a potion of flight {unknown}


   Skills:
 + Level 4.2 Fighting
 + Level 3.2 Long Blades
 + Level 3.8 Armour
 + Level 3.8 Shields


You had 5 spell levels left.
You didn't know any spells.
Your spell library was empty.

Dungeon Overview and Level Annotations

Branches:
Dungeon (3/15)

Altars:
Gozag


Innate Abilities, Weirdness & Mutations

You have a pair of small antennae on your head.
You are partially covered in large bone plates. (SH +4)
Your flesh is cold resistant. (rC+)
A weak demonic guardian rushes to your aid.


Message History

The orc priest is severely wounded.
The orc priest hits you but does no damage.
The orc hits you but does no damage. The orc hits you with a +0 club.
* * * LOW HITPOINT WARNING * * *
You hit the orc priest.
The orc priest is severely wounded.
The orc priest closely misses you. You block the orc's attack.
The orc priest barely misses you.
You riposte.
You hit the orc priest.
You kill the orc priest!
Found 10 gold pieces.
Things that are here:
a +0 mace; a +0 ring mail; 2 murky purple potions You hit the orc.
You kill the orc!
You have reached level 6!
Your experience leads to an increase in your attributes!
Increase (S)trength, (I)ntelligence, or (D)exterity?
You feel stronger.
Your demonic ancestry asserts itself...
You feel the presence of a demonic guardian.
Are you sure you want to abandon this character and quit the game? (Confirm with "yes".)

##.# #.## .# #..#
.. # # ###'#### .#
$#. #.)....##.##..
#.(†...#....#
#......#....#
#......#....#
#......#@...#
........†)....#
########..........
#..........
#.........$
#.#........
#.#........
#.#........ ..
.......


There were no monsters in sight!

Vanquished Creatures
  2 orc priests (D:3)
  Natasha (thrice) (D:2)
  Robin (D:2)
  3 adders (D:2)
  An ooze (D:1)
  5 worms
  3 leopard geckos
  6 orcs (D:3)
  8 bats
  3 giant cockroaches
  18 goblins
  5 hobgoblins
  2 ball pythons
  3 frilled lizards
  7 kobolds
  2 rats
72 creatures vanquished.

Notes
Turn   | Place    | Note
-------+----------+-------------------------------------------
     0 | D:1      | BritishOli the Demonspawn Fighter began the quest for the
                  | Orb.
     0 | D:1      | Reached XP level 1. HP: 18/18 MP: 1/1
   401 | D:1      | Gained mutation: Your flesh is cold resistant. (rC+)
                  | [demonic ancestry]
   401 | D:1      | Reached XP level 2. HP: 24/24 MP: 2/2
   915 | D:1      | Reached XP level 3. HP: 29/29 MP: 3/3
  1811 | D:2      | Found an opulent altar of Gozag.
  1994 | D:2      | Gained mutation: You are partially covered in large bone
                  | plates. (SH +4) [demonic ancestry]
  1994 | D:2      | Reached XP level 4. HP: 35/35 MP: 4/4
  2001 | D:2      | Noticed Robin
  2041 | D:2      | Killed Robin
  2672 | D:2      | Noticed Natasha
  2680 | D:2      | Killed Natasha
  2680 | D:2      | Gained mutation: You have a pair of small antennae on your
                  | head. [demonic ancestry]
  2680 | D:2      | Reached XP level 5. HP: 42/42 MP: 5/5
  2699 | D:2      | Noticed Natasha
  2722 | D:2      | Killed Natasha
  2899 | D:2      | Noticed Natasha
  2914 | D:2      | Killed Natasha
  2914 | D:2      | Reached skill level 4 in Fighting
  3141 | D:3      | Gained mutation: A weak demonic guardian rushes to your
                  | aid. [demonic ancestry]
  3141 | D:3      | Reached XP level 6. HP: 11/48 MP: 6/6
  3142 | D:3      | Quit the game

Illustrated notes

Levels and vault maps discovered:
D:1:      onia_arrival_mini_spirals, layout_basic, serial_curves,
          eino_curves_02, eino_curves_01
D:2:      layout_basic, nicolae_gozag_cash_rules_everything_around_me,
          minmay_distorted, uniq_robin, uniq_natasha
D:3:      layout_basic, portal_sewer_entry_b

Skill      XL: |  1  2  3  4  5 |
---------------+----------------+-----
Long Blades    | 2 3 |  3.2
Armour         | 3 |  3.8
Shields        | 3 |  3.8
Fighting       | 4 |  4.2

Action                   |  1- 3 |  4- 6 || total
-------------------------+-------+-------++-------
Melee: Long sword        |   154 |   162 ||   316
Armor: Scale mail        |    80 |    81 ||   161
Dodge: Dodged            |    63 |    48 ||   111
Block: Kite shield       |    77 |   156 ||   233
       Rpst.: Long sword |    23 |    18 ||    41

Table legend:
 A = Non-vault XP
 B = Vault XP
 C = Vault XP percentage of total XP
 D = Non-vault monster count
 E = Vault monster count
 F = Vault count percentage of total count
                 A         B        C        D         E       F
            +---------+---------+-------+---------+---------+-------
      Total |     304 |      76 |  20.0 |      57 |      15 |  20.8
            +---------+---------+-------+---------+---------+-------
        D:1 |      45 |       0 |   0.0 |      23 |       0 |   0.0
        D:2 |     153 |      76 |  33.2 |      23 |      15 |  39.5
        D:3 |     106 |       0 |   0.0 |      11 |       0 |   0.0
            +---------+---------+-------+---------+---------+-------
